 Dungeon Crawl Stone Soup version 0.19.3-4-gbf9329e (console) character file.

13 itsmu the Digger (level 2, 0/20 HPs)
             Began as a Formicid Earth Elementalist on Jan 29, 2017.
             Slain by a giant cockroach (2 damage)
             ... on level 1 of the Dungeon.
             The game lasted 00:02:01 (824 turns).

itsmu the Digger (Formicid Earth Elementalist)       Turns: 824, Time: 00:02:02

Health: 0/20       AC:  2    Str: 12    XL:     2   Next: 50%
Magic:  1/5        EV: 12    Int: 14    God:
Gold:   49         SH:  0    Dex: 11    Spells: 1 memorised, 4 levels left

rFire  . . .     SeeInvis +     b - 11 stones
rCold  . . .     Gourm    .     c - +0 robe
rNeg   . . .     Faith    .     (no shield)
rPois  .         Spirit   .     (helmet unavailable)
rElec  .         Reflect  .     (no cloak)
rCorr  .         Harm     .     (no gloves)
MR     .....                    (no boots)
Stlth  ++........               (no amulet)
                                (no ring)
                                (no ring)

@: no status effects
A: permanent stasis, dig shafts and tunnels, four strong arms, antennae 3
a: Dig, Shaft Self


You were on level 1 of the Dungeon.
You were not hungry.

You visited 1 branch of the dungeon, and saw 2 of its levels.

You collected 49 gold pieces.

Inventory:

Missiles
 b - 11 stones (in hand)
 h - a javelin of returning (quivered)
Armour
 c - a +0 robe (worn)
Books
 e - a book of Geomancy

   Spells                             Type                      Level
   a - Sandblast                      Earth                        1
   b - Passwall                       Transmutation/Earth          2
   c - Stone Arrow                    Conjuration/Earth            3
   d - Petrify                        Transmutation/Earth          4
   e - Lee's Rapid Deconstruction     Earth                        5
Comestibles
 d - 3 bread rations
 g - a chunk of flesh


   Skills:
 + Level 0.7 Fighting
 - Level 1.7 Dodging
 - Level 2.4 Stealth
 - Level 2.1 Spellcasting
   Level 1.1 Transmutations
 * Level 4.3 Earth Magic


You had 4 spell levels left.
You knew the following spells:

 Your Spells              Type           Power        Failure   Level  Hunger
a - Sandblast             Erth           ##....       4%          1    #......


Dungeon Overview and Level Annotations

Branches:
Dungeon (2/15)

Altars:

Annotations:
D:2 Robin


Innate Abilities, Weirdness & Mutations

You are under a permanent stasis effect.
You can dig through walls and to a lower floor.
Your four strong arms can wield two-handed weapons with a shield.
You have a pair of large antennae on your head. (SInv)


Message History

The hobgoblin hits you but does no damage.
The giant cockroach closely misses you.
Throwing (i - inventory. (,) - cycle):
h - 3 javelins of returning (quivered)
Press: ? - help, Shift-Dir - straight line, f - hobgoblin, p - giant cockroach
Aim: a hobgoblin (black smoke, unusually strong)
You throw a javelin of returning.
The javelin of returning completely misses the hobgoblin.
The javelin of returning fails to return to your pack!
The hobgoblin barely misses you. The giant cockroach misses you.
The hobgoblin hits you.
* * * LOW HITPOINT WARNING * * *
The giant cockroach closely misses you.
Throwing (i - inventory. (,) - cycle):
h - 2 javelins of returning (quivered)
Press: ? - help, Shift-Dir - straight line, f/p - hobgoblin
Aim: a hobgoblin (black smoke, unusually strong)
You throw a javelin of returning.
The javelin of returning closely misses the hobgoblin.
The javelin of returning fails to return to your pack!
The giant cockroach bites you.
You die...

####.# #)##......... .....#
#.##.........
##################
#.##.........
#............#
#.##.....÷...
#..#####.###.#
#.##......>.. #####..# #.#
#.# #.######.#### .......#
#.# #§# ##.## #.# #####.##
#.# #s###.#.## #.# #.#
#.###a##.###.####.## #.#
#..##g#.##.##......# #.#
##.##§#......####..# #.#
#.##.#......## #..#
#.#######.##.#.......###..#
#.#....##.##..........##..#
#.#'#..##.##.#.......###..#
#.#<#..##.##.#......####..#
#.#+#..#...#.#............#


You could see a giant cockroach and a hobgoblin.

Vanquished Creatures
  5 goblins
  A hobgoblin (D:1)
  3 kobolds (D:1)
  2 bats (D:1)
  A frilled lizard (D:1)
  A rat (D:1)
13 creatures vanquished.

Notes
Turn   | Place    | Note
-------+----------+-------------------------------------------
     0 | D:1      | itsmu the Formicid Earth Elementalist began the quest for the Orb.
     0 | D:1      | Reached XP level 1. HP: 13/13 MP: 3/3
   289 | D:1      | Reached skill level 4 in Earth Magic
   324 | D:1      | Reached XP level 2. HP: 18/20 MP: 1/5
   813 | D:2      | Noticed Robin
   824 | D:1      | Slain by a giant cockroach

Skill      XL: |  1 |
---------------+----+-----
Earth Magic    | 4 |  4.3
Fighting       | |  0.7
Dodging        | |  1.7
Stealth        | |  2.4
Spellcasting   | |  2.1
Transmutations | |  1.1

Action                   || total
-------------------------++-------
Throw: Javelin           ||     8
       Stone             ||     1
 Cast: Sandblast         ||    22
  Use: Scroll            ||     2
Armor: Robe              ||    13
Dodge: Dodged            ||    21
